[Event "*** MasterClass Titled Tuesday Blitz"]
[Site "Chess.com"]
[Date "2017.08.01"]
[Round "1"]
[White "BilodeauA"]
[Black "pedromartinez91"]
[Result "1-0"]
[WhiteElo "2610"]
[BlackElo "2314"]
[TimeControl "180+2"]
[EndTime "13:10:45 PDT"]
[Termination "BilodeauA won on time"]

1. e4 e6 2. d4 d5 3. Nd2 Nf6 4.
e5 Ne4 5. Bd3 Nxd2 6. Bxd2 c5 7.
c3 Qb6 8. Nf3 Nc6 9. O-O h6 10.
Be3 c4 11. Bc2 Qxb2 12. Qd2 Qb6 13. Rab1 Qc7 14. Ne1 g6 15. f4 h5 16. Nf3 Bd7 17.
Bf2 Ne7 18. Bh4 Nf5 19. Bf6 Rg8 20. h3 Be7 21. g4 Bxf6 22. exf6 Ng3 23. Rfe1 O-O-O 24. Ne5 Be8 25. Qe3 h4 26. Kh2 Rd6 27. a4 Rb6 28. Kg1 Rxb1 29. Rxb1 Qd8 30. g5 Qa5 31. Rb4 Qc7 32. Kg2 Rf8 33. Qc1 Nh5 34. Rb1 Rh8 35. Bd1 Ng3 36. Bc2 Ne2 37. Qd2 Ng3 38. Kf3 Nh5 39. Qc1 Ng3 40. Qa3 Ne4 41. Bxe4 dxe4+ 42. Ke3 Bc6 43. a5 a6 44. Qc5 Be8 45. Qxc4 Qxc4 46. Nxc4 Kc7 47. Ne5 Rf8 48. c4 Bc6 49. Rg1 Ba4 50.
Rg4 b5 51. axb6+ Kxb6 52. Rxh4 a5 53. Rg4 Be8 54. Rg1 Rh8 55. Rh1 a4 56. Kxe4 Ka5 57. Nd3 a3 58. Ra1 Ka4 59. d5 exd5+ 60. cxd5 Rxh3 61.
d6 Kb3 62. Re1 a2 63. Nc1+ Kb2 64. Nxa2 Kxa2 65. Kd4 Rh8 66. Re7 Kb3 67. d7 Bxd7 68. Rxd7 Rf8 69. Rc7 Kb4 70. Rb7+ Ka5 71. Kd5 Ka6 72.
Rd7 Kb6 73. Kd6 Kb5 74. Ke7 Rd8 75. Rxd8 1-0

[Event "*** MasterClass Titled Tuesday Blitz"]
[Site "Chess.com"]
[Date "2017.08.01"]
[Round "1"]
[White "rubhani"]
[Black "severomorskij"]
[Result "1-0"]
[WhiteElo "2388"]
[BlackElo "2657"]
[TimeControl "180+2"]
[EndTime "13:11:03 PDT"]
[Termination "rubhani won on time"]

1. e4 c5 2. Nf3 Nc6 3. d4 cxd4 4.
Nxd4 e5 5. Nb5 d6 6. N1c3 a6 7. Na3 Be7 8. Be3 Nf6 9. Nc4 b5 10. Nb6 Rb8 11. Nxc8 Qxc8 12. Bd3 O-O 13. O-O b4 14.
Nd5 Nxd5 15. exd5 Nd8 16. Qe2 a5 17. a3 f5 18. axb4 axb4 19. Ra7 Nb7 20. Ba6 f4 21. Bc1 f3 22. gxf3 Qh3 23. Rxb7 Rxb7 24. Bxb7 Rf6 25. Kh1 Rxf3 26. Bc8 Qh5 27. Be6+ Kh8 28. Rg1 Rh3 29. Qxh5 Rxh5 30. Be3 g6 31. Ra1 Bg5 32. Ra8+ Kg7 33. Rb8 Bxe3 34. fxe3 Rh4 35. Kg2 Rc4 36. Kg3 h5 37. h3 g5 38. b3 Rxc2 39. Rxb4 Kf6 40. Rb8 e4 41. Rh8 Rc3 42. Rh6+ Kg7 43. Rxh5 Kg6 44. Kg4 Rxe3 45. Rxg5+ Kf6 46. Rf5+ Kg7 47. b4 Rb3 48. Rf7+ Kg6 49. Rb7 Kf6 50. Kf4 e3 51.
Kf3 Ke5 52. Rg7 Kd4 53. Rg1 Rxb4 54. Rd1+ Ke5 55. Kxe3 Rb3+ 56. Rd3 Rb2 57. Kf3 Rb4 58. Re3+ Kf6 59. Re4 Rb3+ 60. Kg4 Rb1 61. h4 Rg1+ 62.
Kh5 Rg7 63. Rf4+ Ke7 64. Rg4 Rh7+ 65. Kg6 Rh8 66. h5 Rf8 67. h6 Rf1 68. h7 Rf6+ 69. Kg7 Rf8 70. h8=Q Rg8+ 71. Kxg8 1-0

[Event "*** MasterClass Titled Tuesday Blitz"]
[Site "Chess.com"]
[Date "2017.08.01"]
[Round "1"]
[White "Caisachess"]
[Black "XDPS"]
[Result "0-1"]
[WhiteElo "2258"]
[BlackElo "2523"]
[TimeControl "180+2"]
[EndTime "13:11:06 PDT"]
[Termination "XDPS won by resignation"]

1. e4 c5 2. c3 d6 3. d4 Nf6 4. Bd3 Nc6 5. Nf3 Bg4 6. d5 Bxf3 7. Qxf3 Nb8 8. O-O g6 9. Qe2 Bg7 10. f4 O-O 11. c4 Na6 12. a3 Nc7 13. e5 Nd7 14. e6 fxe6 15. dxe6 Nb6 16. Nc3 d5 17. cxd5 Ncxd5 18. Nxd5 Qxd5 19. Be3 Bd4 20. Rad1 Rad8 21.
Bxd4 Qxd4+ 22. Kh1 Rxf4 23. Rxf4 Qxf4 24. Rf1 Qg5 25.
Qf3 Qf6 26. Qe2 Qg5 27. Qf3 Qf6 28. Qe2 Qd4 29. Bb1 Rf8 30. h3 Rxf1+ 31. Qxf1 Qf6 32. Qe2 Kg7 33. Bd3 Nd5 34. Qe4 Nf4 35. Bc4 b6 36. b3 h5 37. a4 h4 38. Qf3 Qa1+ 39. Kh2 Qe5 40. Kg1 Qe1+ 41. Kh2 Qe5 42. Kg1 Kf6 43. Qg4 g5 44. Qf3 Qd4+ 45. Kh2 Qe5 46.
Kg1 Qe1+ 47. Kh2 Ke5 48. Qg4 Kf6 49. Qf3 a6 50. Bxa6 Qxe6 51. Bc4 Qd6 52. Qc3+ Kg6 53. Qc2+ Kf6 54. Qc3+ Qe5 55. Qf3 Kg7 56. Kg1 Qd4+ 57. Kh2 Qd6 58. Kg1 e5 59. Qb7+ Kh6 60. Qf7 e4 61.
Qe8 Qd4+ 62. Kh2 Ng6 63. Bf7 Qe5+ 64. Qxe5 Nxe5 65. Bd5 e3 66. Kg1 g4 67. Kf1 gxh3 68.
gxh3 Ng6 69. Bf3 Nf4 70. Bg4 Kg7 71. Ke1 Kf6 72. Bd7 Ke5 73. Bg4 Kd4 74. Bd1 Kc3 75. Be2 Kxb3 76. Bb5 c4 0-1

[Event "*** MasterClass Titled Tuesday Blitz"]
[Site "Chess.com"]
[Date "2017.08.01"]
[Round "1"]
[White "belisarius64"]
[Black "joppie2"]
[Result "1-0"]
[WhiteElo "2340"]
[BlackElo "2604"]
[TimeControl "180+2"]
[EndTime "13:11:22 PDT"]
[Termination "belisarius64 won by resignation"]

1. e4 e5 2. Nf3 Nc6 3. Bc4 Bc5 4. O-O Nf6 5. c3 d6 6. d3 Bg4 7. h3 Bh5 8. Bb3 h6 9. Re1 Qd7 10. Nbd2 a6 11. Nf1 Bg6 12. Ng3 Nh5 13. d4 Nxg3 14.
fxg3 Bb6 15. Kh2 O-O 16. dxe5 Rfe8 17. exd6 Bxe4 18. Bf4 cxd6 19. Qxd6 Qxd6 20. Bxd6 Rad8 21. Bf4 Na5 22. Ba4 Re6 23. Rad1 Rxd1 24. Rxd1 Bxf3 25. gxf3 Re2+ 26. Kh1 Rxb2 27. Rd2 Rb1+ 28. Kh2 Nc4 29. Re2 g5 30. Bb8 Bg1+ 31. Kg2 Kg7 32. h4 gxh4 33. gxh4 Ne3+ 34. Kh3 Kf6 35. Ba7 Nd5 36. Rd2 Nxc3 37.
Bxg1 Rxg1 38. Bb3 Re1 39. Rd6+ Ke7 40. Rb6 Kf8 41. Rxb7 Re7 42. Rb6 Kg7 43. Rxa6 Ne2 44. Kg4 Rd7 45. Ra4 Rd6 46. Ra7 Rf6 47. Bd5 Rf4+ 48.
Kh3 Rf6 49. Be4 Nf4+ 50. Kg3 Ne2+ 51. Kf2 Nc3 52. Ke3 Rd6 53. a4 Nd1+ 54. Kf4 Rf6+ 55. Ke5 Nc3 56. Kd4 Ne2+ 57. Kc5 Nf4 58. a5 Ng2 59. a6 Nxh4 60. Bc6 Nxf3 61. Rc7 Rf5+ 62. Kb6 Ne5 63. a7 Nc4+ 64. Kb7 Na5+ 65. Kc8 Nxc6 66. a8=Q Ne5 67. Qa1 Kg6 68. Qg1+ Rg5 69. Qe3 Kg7 70.
Ra7 Ng4 71. Qd4+ Nf6 72. Ra6 Rg6 73. Rd6 h5 74. Kd8 h4 75. Ke7 h3 76. Rxf6 1-0

[Event "*** MasterClass Titled Tuesday Blitz"]
[Site "Chess.com"]
[Date "2017.08.01"]
[Round "1"]
[White "platy3"]
[Black "CheckThis4"]
[Result "1/2-1/2"]
[WhiteElo "2593"]
[BlackElo "2311"]
[TimeControl "180+2"]
[EndTime "13:11:40 PDT"]
[Termination "Game drawn by agreement"]

1. e4 e6 2. d4 d5 3. Nc3 Nf6 4.
e5 Nfd7 5. f4 c5 6. Nf3 Nc6 7.
Be3 Be7 8. a3 O-O 9. dxc5 Nxc5 10. Be2 b6 11. O-O f6 12. Bb5 Bb7 13. Bxc6 Bxc6 14.
exf6 Bxf6 15. Bd4 Qc7 16. Ne5 Rae8 17. Qg4 Ne4 18. Rae1 Bb7 19. Re3 Nd2 20. Rfe1 Nc4 21. Rh3 Bxe5 22. fxe5 Rf5 23. b3 Nxa3 24. Qe2 a6 25. Ra1 Nb5 26. Nxb5 axb5 27. Rc3 Qf7 28. Qxb5 Rf8 29. h3 Rf4 30. Qd3 Ba8 31. Kh2 Re4 32.
Qd2 Qh5 33. Rg3 Re2 34. Qg5 Qxg5 35. Rxg5 Bc6 36. c3 h6 37. Rg6 Kf7 38. Rf1+ Kxg6 39. Rxf8 Rb2 40. b4 Bb5 41. Kg1 Bd3 42. Bxb6 Be4 43.
Rf2 Rxf2 44. Kxf2 Kf5 45. Bd4 Bd3 46. Kf3 h5 47. g4+ hxg4+ 48. hxg4+ Kg6 49. Ke3 Bc4 50. Bc5 Kf7 51. Bd6 Kg6 52. Be7 Kf7 53. Bd8 Ke8 54. Bg5 Kd7 55. Bh4 Kc6 56. Kf4 Bd3 57. Bf2 Kb5 58.
Bc5 Kc4 59. Bd4 Be2 60. Kg5 Bd3 61. Kh5 Bc2 62. g5 g6+ 63. Kh6 Bf5 64. Kg7 Kb5 65.
Kf6 Kc6 66. Ke7 Kc7 67. b5 Kb7 68. Kd7 Bg4 69. b6 Bf5 70. Kd6 Bg4 71. Ke7 Bf5 72. Kf7 Kc6 73. Kf6 Kb7 1/2-1/2

[Event "*** MasterClass Titled Tuesday Blitz"]
[Site "Chess.com"]
[Date "2017.08.01"]
[Round "1"]
[White "oskariot"]
[Black "micfel"]
[Result "0-1"]
[WhiteElo "2505"]
[BlackElo "2274"]
[TimeControl "180+2"]
[EndTime "13:11:43 PDT"]
[Termination "micfel won by checkmate"]

1. c4 e5 2. Nc3 Nf6 3. e3 d6 4. Nf3 Be7 5. d4 Nbd7 6. Be2 O-O 7. b3 c6 8. Bb2 Re8 9. Qc2 Bf8 10. O-O-O e4 11.
Nd2 d5 12. g4 Nb8 13. g5 Ng4 14. Rdf1 Bd6 15. cxd5 cxd5 16. Nb5 Nxh2 17. Rfg1 Nc6 18. Nxd6 Qxd6 19. Rg3 Nf3 20. Bxf3 Nb4 21. Qd1 exf3 22.
Qxf3 Qc6+ 23. Kb1 Qc2+ 24. Ka1 Nd3 25. Rb1 Qxd2 26. Qd1 Qxf2 27. Rf3 Nxb2 28. Rxb2 Qh4 29.
Qg1 Bg4 30. Rg3 Bf5 31. Rf2 Qe4 32. Rf4 Qe6 33. Qe1 Bg6 34. Rg2 Rac8 35. Re2 Qc6 36. Kb2 b5 37. Qd2 b4 38. Rf1 a5 39. Rfe1 Be4 40. Rf2 Rc7 41. Rh2 Rec8 42. Rf1 Qb5 43.
Rff2 Rc2+ 44. Qxc2 Rxc2+ 45. Rxc2 Bxc2 46. Rxc2 h6 47. gxh6 gxh6 48. Rg2+ Kh7 49. Rf2 Qd3 50. Rxf7+ Kg6 51.
Rd7 Qd2+ 52. Kb1 Qd1+ 53. Kb2 Qd2+ 54. Kb1 Qg2 55. Kc1 Kf5 56. Re7 h5 57. Re5+ Kg4 58.
e4 dxe4 59. d5 Kf3 60. d6 Ke3 61. d7 Qd2+ 62. Kb1 Qxd7 63. Rxh5 Qd1+ 64. Kb2 Qxh5 65.
a4 Kd4 66. Ka2 Qe2+ 67. Ka1 Kc3 68. Kb1 Qb2# 0-1

[Event "*** MasterClass Titled Tuesday Blitz"]
[Site "Chess.com"]
[Date "2017.08.01"]
[Round "1"]
[White "swayamsm"]
[Black "SidArun"]
[Result "1-0"]
[WhiteElo "2430"]
[BlackElo "2099"]
[TimeControl "180+2"]
[EndTime "13:14:42 PDT"]
[Termination "swayamsm won by checkmate"]

1. d4 Nf6 2. c4 c5 3. d5 e6 4.
Nc3 exd5 5. cxd5 d6 6. Bf4 g6 7.
e3 Bg7 8. h3 O-O 9. Nf3 a6 10. a4 Re8 11. Bd3 Nh5 12. Bh2 f5 13. O-O Be5 14. Nxe5 dxe5 15. d6 Nc6 16. Bc4+ Kg7 17.
Qd5 Be6 18. Qxc5 Bxc4 19. Qxc4 Qxd6 20. Rfd1 Qe6 21. Qxe6 Rxe6 22. Rd7+ Re7 23. Rxe7+ Nxe7 24. Bxe5+ Kf7 25. Rd1 Ke6 26. f4 Nc6 27. Rd6+ Ke7 28. Nd5+ Kf8 29. Bc3 Rd8 30. Rxd8+ Nxd8 31. Kf2 Ne6 32.
g4 fxg4 33. hxg4 Nhg7 34. g5 Nf5 35. Kf3 Kf7 36. e4 Nd6 37. Nf6 b5 38. axb5 axb5 39.
Nxh7 Nc5 40. Nf6 Ke6 41. Bd4 Nd3 42. Nd5 Ne1+ 43. Ke3 Nc2+ 44. Kd3 Ne1+ 45. Ke2 Nc2 46. Be5 Nxe4 47. Nc7+ Kf5 48. Nxb5 Ng3+ 49. Kf3 Ne4 50. b4 Ne1+ 51. Ke2 Nc2 52. Kd3 Nxb4+ 53. Kc4 Nc2 54. Kd3 Ne1+ 55. Ke2 Ng2 56. Kf3 Nh4+ 57.
Ke3 Ng2+ 58. Kf3 Nh4+ 59. Ke2 Ng2 60. Nd4+ Kg4 61. Ne6 Kf5 62. Ng7+ Kg4 63. Ne6 Kf5 64. Nd4+ Kg4 65. Kd3 Nxf4+ 66. Kxe4 Kxg5 67. Bxf4+ Kf6 68.
Nf3 Ke6 69. Ng5+ Kf6 70. Ke3 Kf5 71. Kf3 Kf6 72. Ke4 Ke7 73. Ke5 Kd7 74. Kf6 Kc6 75. Be5 Kd5 76. Bc7 Kd4 77. Kxg6 Kd5 78. Kf5 Kc6 79. Be5 Kd5 80. Nf3 Kc6 81. Ke6 Kc5 82. Nd2 Kc6 83. Bd6 Kb7 84. Kd7 Kb6 85. Be7 Kb7 86. Bc5 Kb8 87. Kc6 Kc8 88. Nc4 Kd8 89.
Ne5 Kc8 90. Ba7 Kd8 91. Bc5 Kc8 92. Bd6 Kd8 93. Bb8 Kc8 94. Ba7 Kd8 95. Kd6 Kc8 96.
Nd7 Kb7 97. Bd4 Ka8 98. Nc5 Ka7 99. Kc7 Ka8 100. Be5 Ka7 101. Nd7 Ka8 102. Kc6 Ka7 103. Nb6 Ka6 104. Bb8 Ka5 105. Kc5 Ka6 106. Kc6 Ka5 107. Nd5 Ka6 108. Nb4+ Ka5 109. Kc5 Ka4 110. Kc4 Ka5 111. Bc7+ Ka4 112. Nd3 Ka3 113. Ba5 Ka4 114. Bd2 Ka3 115. Nc5 Kb2 116. Bc3+ Kc2 117. Ne4 Kd1 118. Kd3 Kc1 119. Nd2 Kd1 120. Nc4 Kc1 121. Ne3 Kb1 122. Kc4 Kc1 123. Kb3 Kb1 124. Bd2 Ka1 125. Nc2+ Kb1 126. Na3+ Ka1 127. Bc3# 1-0

[Event "*** MasterClass Titled Tuesday Blitz"]
[Site "Chess.com"]
[Date "2017.08.01"]
[Round "2"]
[White "Caisachess"]
[Black "Anton_Demchenko"]
[Result "0-1"]
[WhiteElo "2257"]
[BlackElo "2746"]
[TimeControl "180+2"]
[EndTime "13:18:07 PDT"]
[Termination "Anton_Demchenko won by resignation"]

1. e4 c5 2. c3 Nf6 3. e5 Nd5 4. d4 cxd4 5. Nf3 e6 6. cxd4 b6 7. a3 Ba6 8. Bxa6 Nxa6 9. O-O Be7 10. Bd2 O-O 11. Nc3 Nac7 12. Qe2 Rc8 13. Rac1 d6 14.
Nb5 Nxb5 15. Qxb5 Qe8 16. Qa6 Qd7 17. Rxc8 Rxc8 18. Rc1 Rxc1+ 19. Bxc1 h6 20. h3 f6 21. Bd2 dxe5 22. Bc1 e4 23. Bd2 0-1

[Event "*** MasterClass Titled Tuesday Blitz"]
[Site "Chess.com"]
[Date "2017.08.01"]
[Round "2"]
[White "pedromartinez91"]
[Black "Jahonas"]
[Result "1-0"]
[WhiteElo "2319"]
[BlackElo "2168"]
[TimeControl "180+2"]
[EndTime "13:18:20 PDT"]
[Termination "pedromartinez91 won by resignation"]

1. e4 c6 2. c4 d5 3. exd5 cxd5 4. cxd5 Qxd5 5. Nc3 Qd8 6. d4 Nf6 7. Nf3 e6 8. Bc4 a6 9. O-O Be7 10. Qe2 O-O 11. Rd1 b5 12. Bb3 b4 13. Ne4 Bb7 14.
Nc5 Bxc5 15. dxc5 Qe7 16. Bf4 Qxc5 17. Bd6 Qh5 18. Bxf8 Kxf8 19. Rd8+ Ke7 20. Rad1 Nbd7 21. Rxa8 Bxa8 22. Qxa6 Bxf3 23. Qd6+ Ke8 24. gxf3 Qxf3 25. Ba4 Qg4+ 26. Qg3 Qe2 27. Qxg7 Ke7 28. Qg5 b3 29. Rxd7+ 1-0

[Event "*** MasterClass Titled Tuesday Blitz"]
[Site "Chess.com"]
[Date "2017.08.01"]
[Round "2"]
[White "KyronGriffith"]
[Black "Kanthecarowin"]
[Result "0-1"]
[WhiteElo "2348"]
[BlackElo "2305"]
[TimeControl "180+2"]
[EndTime "13:18:27 PDT"]
[Termination "Kanthecarowin won by resignation"]

1. e4 c6 2. d4 d5 3. e5 Bf5 4. h4 h5 5. c4 e6 6. Nc3 Ne7 7. Nge2 Nd7 8. Ng3 Bg6 9. cxd5 cxd5 10.
Bd3 Bxd3 11. Qxd3 Ng6 12. Bg5 Be7 13. Bxe7 Qxe7 14. Nb5 Qb4+ 15. Kf1 O-O 16. a3 Qxb2 17. Rb1 Qa2 18. Nxh5 Rac8 19. Nc3 Rxc3 0-1

[Event "*** MasterClass Titled Tuesday Blitz"]
[Site "Chess.com"]
[Date "2017.08.01"]
[Round "2"]
[White "kikydu96"]
[Black "prochn"]
[Result "0-1"]
[WhiteElo "2282"]
[BlackElo "2272"]
[TimeControl "180+2"]
[EndTime "13:19:02 PDT"]
[Termination "prochn won by resignation"]

1. e4 c6 2. d4 d5 3. Nc3 dxe4 4. Nxe4 Bf5 5. Ng3 Bg6 6. h4 h6 7.
Nf3 e6 8. Ne5 Bh7 9. Bd3 Bxd3 10. Qxd3 Nd7 11. f4 Be7 12. Bd2 Nxe5 13. fxe5 Bxh4 14.
O-O-O Bxg3 15. Qxg3 Ne7 16. Qxg7 Rg8 17. Qxh6 Qd5 18.
Qf6 Qxa2 19. Bb4 Nd5 20. Qh4 Rxg2 0-1

[Event "*** MasterClass Titled Tuesday Blitz"]
[Site "Chess.com"]
[Date "2017.08.01"]
[Round "2"]
[White "kleinebeer98"]
[Black "FairChess_on_YouTube"]
[Result "0-1"]
[WhiteElo "2463"]
[BlackElo "2727"]
[TimeControl "180+2"]
[EndTime "13:19:19 PDT"]
[Termination "FairChess_on_YouTube won by resignation"]

1. e4 c5 2. Nf3 e6 3. b3 d6 4. Bb2 e5 5. c3 Nf6 6. Bd3 d5 7. exd5 Qxd5 8. Bb5+ Bd7 9. Bxd7+ Nbxd7 10. O-O e4 11. c4 Qf5 12. Re1 O-O-O 13. Qc2 Qh5 14. Rxe4 Nxe4 15. Qxe4 Bd6 16. Nc3 Rhe8 17. Qh4 Qxh4 18.
Nxh4 Be5 19. Nf3 Bf6 20. Rb1 Ne5 21. Nxe5 Bxe5 22. Rd1 Rxd2 23. Re1 Rxb2 0-1

[Event "*** MasterClass Titled Tuesday Blitz"]
[Site "Chess.com"]
[Date "2017.08.01"]
[Round "2"]
[White "ChessQueen"]
[Black "FMVolodymyrSakun"]
[Result "1/2-1/2"]
[WhiteElo "2569"]
[BlackElo "2504"]
[TimeControl "180+2"]
[EndTime "13:19:24 PDT"]
[Termination "Game drawn by repetition"]

1. e4 c5 2. Nf3 e6 3. d4 cxd4 4. Nxd4 a6 5. Nc3 Qc7 6. Be2 Nc6 7. Be3 Nf6 8. O-O Be7 9. f4 d6 10. Qe1 O-O 11. Qg3 Bd7 12. Kh1 b5 13. a3 Rac8 14.
Rad1 Na5 15. Bc1 Nc4 16. Rd3 Qb7 17. Bf3 e5 18. Nb3 Rfe8 19. f5 Bc6 20. Re1 a5 21.
Bh6 Bf8 22. Bg5 Be7 23. Bh6 Bf8 24. Bg5 Be7 25. Bh6 Bf8 26. Bg5 Be7 1/2-1/2

[Event "*** MasterClass Titled Tuesday Blitz"]
[Site "Chess.com"]
[Date "2017.08.01"]
[Round "2"]
[White "Gabix_94"]
[Black "petrpalachev"]
[Result "1-0"]
[WhiteElo "2536"]
[BlackElo "2413"]
[TimeControl "180+2"]
[EndTime "13:19:36 PDT"]
[Termination "Gabix_94 won by resignation"]

1. e4 e6 2. d4 d5 3. Nc3 Nf6 4. Bg5 dxe4 5. Nxe4 Nbd7 6. Nxf6+ Nxf6 7. Nf3 h6 8. Bh4 c5 9. Bd3 cxd4 10. Nxd4 a6 11. O-O Bc5 12. Nf3 O-O 13. Qe2 Be7 14. Rad1 Qb6 15.
Ne5 Qxb2 16. Bxf6 Bxf6 17. Qe4 Rd8 18. Qh7+ Kf8 19. Bg6 Rxd1 20. Rxd1 Ke7 21. Qh8 Qb6 22. Qg8 1-0

[Event "*** MasterClass Titled Tuesday Blitz"]
[Site "Chess.com"]
[Date "2017.08.01"]
[Round "2"]
[White "lukas_111111"]
[Black "DrHolmes13"]
[Result "1-0"]
[WhiteElo "2414"]
[BlackElo "2363"]
[TimeControl "180+2"]
[EndTime "13:20:07 PDT"]
[Termination "lukas_111111 won by resignation"]

1. e4 c6 2. d4 d5 3. e5 Bf5 4. Nd2 e6 5. Nb3 Nd7 6. Nf3 a6 7. Be3 c5 8. Nxc5 Be7 9. Nxd7 Bc5 10.
Nxc5 b6 11. Nxa6 Ne7 12. Bb5+ Kf8 13. O-O h6 14. Nh4 Be4 15. f3 Bh7 16. f4 Be4 17. Nb4 Ra5 18. a4 g6 19. Bd3 Bxd3 20. Nxd3 Qa8 21. b3 Kg7 22. Bd2 Ra7 23. g4 Qd8 24. f5 exf5 25. gxf5 Nxf5 26. Nxf5+ gxf5 27. Rxf5 Qd7 28.
Qg4+ Kh7 29. Qf4 Rg8+ 30. Kh1 Rg6 31. Rf6 Qh3 32. Rxg6 fxg6 33. Qxh6+ Qxh6 34. Bxh6 Kxh6 35. Kg2 Kg5 36. Rf1 Rc7 37. Rf2 Kg4 38. h3+ Kh4 39. Nf4 g5 40. Nxd5 Re7 41. Nf6 g4 42. hxg4 b5 43.
Rf5 Rh7 44. Rh5+ Rxh5 45. gxh5 Kg5 1-0

[Event "*** MasterClass Titled Tuesday Blitz"]
[Site "Chess.com"]
[Date "2017.08.01"]
[Round "2"]
[White "josiwales"]
[Black "DanielNaroditsky"]
[Result "1-0"]
[WhiteElo "2274"]
[BlackElo "2811"]
[TimeControl "180+2"]
[EndTime "13:20:29 PDT"]
[Termination "josiwales won by resignation"]

1. e4 e5 2. Nf3 Nc6 3. Bc4 Bc5 4. O-O Nf6 5. d4 Bxd4 6. Nxd4 Nxd4 7. f4 d6 8. fxe5 dxe5 9. Bg5 Be6 10. Na3 c6 11. c3 Bxc4 12. Nxc4 Ne6 13. Nd6+ Kf8 14. Bh4 Nf4 15.
g3 Ng6 16. Bg5 Qb6+ 17. Kh1 Rd8 18. Bxf6 gxf6 19. Rxf6 Rd7 20. Qf3 Kg8 21. Nxf7 Qxb2 22. Rf1 Rd2 23. Qh5 Kf8 24. Nxh8+ Ke7 25. Nxg6+ Kd7 26.
Qxh7+ 1-0

[Event "*** MasterClass Titled Tuesday Blitz"]
[Site "Chess.com"]
[Date "2017.08.01"]
[Round "2"]
[White "GasconJR"]
[Black "OparinGrigoriy"]
[Result "0-1"]
[WhiteElo "2335"]
[BlackElo "2679"]
[TimeControl "180+2"]
[EndTime "13:20:42 PDT"]
[Termination "OparinGrigoriy won by resignation"]

1. Nf3 f5 2. d4 Nf6 3. g3 e6 4. Bg2 d5 5. O-O Bd6 6. c4 O-O 7. Nc3 c6 8. Qc2 Qe7 9. Rb1 Bd7 10. c5 Bc7 11. b4 b5 12. Bf4 Bxf4 13. gxf4 Be8 14.
Ne5 Nfd7 15. a4 a6 16. Ra1 Nxe5 17. fxe5 Ra7 18. axb5 axb5 19. Rxa7 Qxa7 20. Qb2 Bh5 21. Ra1 Qb7 22. f4 Na6 23. Ra5 Nc7 24. Qa3 Ra8 25. Rxa8+ Qxa8 26. Qb2 h6 27. Kf2 g5 28. e3 Kg7 29. Bf1 Qb7 30. Qa3 Qa6 31. Qb2 Kf7 32.
Kg3 Qa8 33. Kf2 Ke7 34. Bd3 Kd7 35. Qa2 Qxa2+ 36. Nxa2 Na6 37. Be2 Bxe2 38. Kxe2 Ke7 39. Kf3 Kf7 40. Kg3 Kg6 41. Kh3 h5 42. Kg3 h4+ 43.
Kh3 Kh5 44. Kg2 gxf4 0-1

[Event "*** MasterClass Titled Tuesday Blitz"]
[Site "Chess.com"]
[Date "2017.08.01"]
[Round "2"]
[White "LaStreetCmaMaison"]
[Black "politeplayer"]
[Result "1-0"]
[WhiteElo "2491"]
[BlackElo "2214"]
[TimeControl "180+2"]
[EndTime "13:21:01 PDT"]
[Termination "LaStreetCmaMaison won by checkmate"]

1. b3 e5 2. Bb2 Nc6 3. Nf3 d6 4. e3 g6 5. d4 exd4 6. Nxd4 Nxd4 7. Qxd4 f6 8. Bc4 Bg7 9. Nc3 Ne7 10. e4 Nc6 11.
Qd5 Qe7 12. f4 Nb4 13. Qb5+ Nc6 14. O-O-O a6 15. Qd5 Nb4 16. Qd4 f5 17. e5 Nc6 18.
exd6 cxd6 19. Qb6 Kf8 20. Rhe1 Qf6 21. Ba3 Qxc3 22. Qd8+ Nxd8 23. Bxd6# 1-0

[Event "*** MasterClass Titled Tuesday Blitz"]
[Site "Chess.com"]
[Date "2017.08.01"]
[Round "2"]
[White "GMHess"]
[Black "Tash_Boy"]
[Result "1-0"]
[WhiteElo "2616"]
[BlackElo "2438"]
[TimeControl "180+2"]
[EndTime "13:21:12 PDT"]
[Termination "GMHess won by resignation"]

1. c4 Nf6 2. Nc3 g6 3. d4 Bg7 4. e4 d6 5. Nf3 O-O 6. Be2 e5 7. O-O Nc6 8. Be3 Ng4 9. Bg5 f6 10. Bc1 h5 11. h3 Nh6 12. dxe5 dxe5 13. Qxd8 Nxd8 14. b3 c6 15. Be3 Ne6 16. Rfd1 g5 17. Nh2 f5 18. exf5 Nxf5 19. Bxh5 Nf4 20. Bg4 Nd4 21. Ne4 Bxg4 22. Nxg4 Rad8 23. Nxg5 Nfe2+ 24. Kh2 Rfe8 25. Ne4 b5 26. Ngf6+ Kf7 27. Nxe8 Rxe8 28.
Nd6+ Ke7 29. Nxe8 Kxe8 30. cxb5 cxb5 31. Bxd4 Nxd4 32. Rac1 Kd7 33. h4 a6 34. g4 Kd6 35.
Kg3 e4 36. Kf4 Kd5 37. Rc8 Be5+ 38. Ke3 b4 39. Rc4 1-0

[Event "*** MasterClass Titled Tuesday Blitz"]
[Site "Chess.com"]
[Date "2017.08.01"]
[Round "2"]
[White "Rbrrt"]
[Black "AlexanderKing"]
[Result "1-0"]
[WhiteElo "2302"]
[BlackElo "2446"]
[TimeControl "180+2"]
[EndTime "13:21:13 PDT"]
[Termination "Rbrrt won by checkmate"]

1. e4 e5 2. Nf3 Nc6 3. d4 exd4 4. Nxd4 Nf6 5. Nxc6 bxc6 6. e5 Qe7 7. Qe2 Nd5 8.
c4 Nb6 9. Nc3 Bb7 10. Bf4 g6 11. Qe3 Bg7 12. Bd3 O-O 13. O-O Rfe8 14. Rfe1 Qb4 15.
Ne4 Qxb2 16. Rab1 Qa3 17. Bh6 Rxe5 18. Bxg7 Kxg7 19. f4 Re6 20. f5 gxf5 21. Qd4+ f6 22. Nc5 Rxe1+ 23. Rxe1 Ba6 24. Re7+ Kg6 25. Bxf5+ Kxf5 26. Qe4+ Kg5 27. h4+ Kh6 28. Rxh7# 1-0

[Event "*** MasterClass Titled Tuesday Blitz"]
[Site "Chess.com"]
[Date "2017.08.01"]
[Round "2"]
[White "LastHeroJr"]
[Black "belisarius64"]
[Result "0-1"]
[WhiteElo "2394"]
[BlackElo "2349"]
[TimeControl "180+2"]
[EndTime "13:21:17 PDT"]
[Termination "belisarius64 won by resignation"]

1. e4 e5 2. Nf3 Nc6 3. Bc4 Bc5 4. O-O Nf6 5. d3 O-O 6. h3 a6 7. c3 Ba7 8. Re1 d6 9. a4 Be6 10. Bxe6 fxe6 11. Be3 Bxe3 12. Rxe3 Qe8 13. Nbd2 Nh5 14. g3 Qg6 15. Kh2 Rf7 16. d4 exd4 17. cxd4 Raf8 18. Nb3 e5 19. d5 Nd4 20. Nbd2 Nf6 21. Nh4 Qh6 22. Kg2 Nxd5 23. exd5 Rxf2+ 24. Kh1 Qxe3 25. Nf1 Qe4+ 26. Kg1 Ne2+ 0-1

[Event "*** MasterClass Titled Tuesday Blitz"]
[Site "Chess.com"]
[Date "2017.08.01"]
[Round "2"]
[White "SuperBlitz"]
[Black "silverback96"]
[Result "1-0"]
[WhiteElo "2080"]
[BlackElo "2111"]
[TimeControl "180+2"]
[EndTime "13:21:22 PDT"]
[Termination "SuperBlitz won by resignation"]

1. g4 d5 2. Bg2 e5 3. c4 d4 4. d3 c6 5. g5 Bg4 6. Qb3 Qd7 7. Nd2 Na6 8. Ne4 Nc5 9. Nxc5 Bxc5 10. Nf3 Bxf3 11. Bxf3 Ne7 12. Bd2 Ng6 13. h4 O-O-O 14. Qa4 f5 15. gxf6 gxf6 16. b4 Bb6 17. c5 Bc7 18. Qxa7 f5 19. h5 Ne7 20. a4 Bb8 21. Qa8 Nd5 22. b5 e4 23. dxe4 fxe4 24. Bxe4 Rhe8 25. Bd3 Re6 26. Rb1 Nc3 27. Bf4 Qe7 28. Qxb8+ Kd7 29. Qxb7+ Ke8 30. Qxe7+ Kxe7 31. Bg5+ Kd7 32.
Bxd8 Nxb1 33. Bf5 1-0

[Event "*** MasterClass Titled Tuesday Blitz"]
[Site "Chess.com"]
[Date "2017.08.01"]
[Round "2"]
[White "Cocovitsch007"]
[Black "Drags95"]
[Result "0-1"]
[WhiteElo "2220"]
[BlackElo "2516"]
[TimeControl "180+2"]
[EndTime "13:21:25 PDT"]
[Termination "Drags95 won by resignation"]

1. d4 Nf6 2. c4 e6 3. Nf3 b6 4.
Nc3 Bb7 5. Bg5 Bb4 6. Nd2 h6 7. Bh4 c5 8. d5 exd5 9. cxd5 Bxc3 10. bxc3 Bxd5 11. e4 Qe7 12. Bxf6 gxf6 13. Be2 Be6 14. O-O Nc6 15. f4 f5 16. exf5 Bxf5 17. Nc4 Kd8 18.
Bf3 Kc7 19. Re1 Qf6 20. Ne5 Rad8 21. Qa4 Na5 22. Rad1 d6 23. Nc6 Bd7 24. Qa3 Bxc6 25.
Bxc6 Nxc6 26. Qa4 Rhe8 0-1

[Event "*** MasterClass Titled Tuesday Blitz"]
[Site "Chess.com"]
[Date "2017.08.01"]
[Round "2"]
[White "backreg"]
[Black "PelinGorki"]
[Result "0-1"]
[WhiteElo "2389"]
[BlackElo "2411"]
[TimeControl "180+2"]
[EndTime "13:21:34 PDT"]
[Termination "PelinGorki won by resignation"]

1. e4 d6 2. d4 Nf6 3. Nc3 c6 4. a4 a5 5. Nf3 Bg4 6. h3 Bh5 7. Be2 e6 8. Be3 d5 9. Nd2 Bxe2 10. Qxe2 Be7 11. f3 O-O 12. O-O Na6 13. Rad1 Nc7 14. Qf2 b5 15. g4 Nd7 16. b3 Bb4 17. Ne2 Nb6 18. c3 Be7 19. Ra1 bxa4 20. bxa4 Qc8 21. f4 dxe4 22. Nxe4 Ncd5 23. f5 exf5 24. gxf5 Re8 25.
Bd2 Nc4 26. Rad1 Bd6 27. Nxd6 Nxd6 28. Nf4 Qxf5 29. Nxd5 Qxd5 30. Bf4 Ne4 31. Qg2 Re6 32. Kh1 Rg6 33. Qf3 Nxc3 34. Rc1 Ne4 35. Be5 f5 36. Rb1 Nd2 37. Qxd5+ cxd5 38. Rfd1 Nxb1 39. Rxb1 Rf8 40.
Rb5 f4 0-1